 Dungeon Crawl Stone Soup version 0.29-a0-214-g17f627cfee (webtiles) character file.

Game seed: 13756009480913401797

3509 mcwallace the Fighter (level 10, -6/99 (107) HPs)
             Began as an Ogre Ice Elementalist on Feb 25, 2022.
             Was an Initiate of Ru.
             Killed from afar by an electric eel (8 damage)
             ... with a bolt of electricity
             ... in a bailey.
             The game lasted 00:21:26 (8748 turns).

mcwallace the Fighter (Ogre Ice Elementalist)       Turns: 8748, Time: 00:21:26

HP:   -6/99 (107)   AC:  7    Str: 14    XL:     10   Next: 7%
MP:   22/22         EV: 11    Int: 20    God:    Ru [......]
Gold: 563           SH:  0    Dex:  9    Spells: 18/25 levels left

rFire   . . .      SeeInvis .   N - +3 falchion (freeze) {long}
rCold   . . .      Faith    .   (no shield)
rNeg    . . .      Spirit   .   a - +0 robe
rPois   .          Reflect  .   (helmet restricted)
rElec   .          Harm     .   K - scarf {repulsion}
rCorr   .          Rampage  .   (gloves unavailable)
Will    +....                   (boots unavailable)
Stlth   +.........              (no amulet)
HPRegen 0.26/turn               s - ring of flight
MPRegen 0.18/turn               i - +4 ring of protection

@: flying, drained, repel missiles
A: large, unfitting armour, tough skin 1
a: Renounce Religion


You were in a bailey.
You worshipped Ru.
Ru was noncommittal.
You visited 2 branches of the dungeon, and saw 9 of its levels.
You also visited: Sewer and Bailey.

You collected 563 gold pieces.


Innate Abilities, Weirdness & Mutations

You are too large for most types of armour.
You have tough skin. (AC +1)


   Skills:
 + Level 9.1 Fighting
 + Level 6.7 Dodging
 - Level 1.4 Stealth
 + Level 8.1 Spellcasting
 + Level 4.6 Necromancy
 - Level 5.5 Ice Magic


You had 18 spell levels left.
You knew the following spells:

 Your Spells              Type           Power      Damage    Failure   Level
a - Freeze                Ice            100%       1d11      1%          1
b - Frozen Ramparts       Ice            60%        1d8       2%          3
c - Ozocubu's Armour      Ice            30%        N/A       2%          3

Your spell library contained the following spells:

 Spells                   Type           Power      Damage    Failure   Level
 Apportation              Tloc           16%        N/A       9%          1
 Beastly Appendage        Tmut           16%        N/A       9%          1
 Summon Small Mammal      Summ           32%        N/A       9%          1
 Wereblood                Tmut           8%         N/A       13%         2
 Animate Dead             Necr           13%        N/A       13%         4
 Call Canine Familiar     Summ           8%         N/A       26%         3
 Spider Form              Tmut/Pois      8%         N/A       26%         3
 Summon Guardian Golem    Hex/Summ       8%         N/A       26%         3
 Hailstorm                Conj/Ice       19%        3d6       26%         4
 Summon Ice Beast         Ice/Summ       19%        N/A       26%         4
 Alistair's Intoxication  Tmut/Pois      5%         N/A       93%         5
 Summon Mana Viper        Hex/Summ       8%         N/A       93%         5
 Haunt                    Necr/Summ      8%         N/A       100%        7
 Monstrous Menagerie      Summ           4%         N/A       100%        7
 Infestation              Necr           13%        N/A       100%        8

Inventory:

Hand Weapons
 c - a +0 dagger {short}
   (You took it off a goblin on level 1 of the Dungeon)
 e - a +0 club {mace}
   (You took it off a goblin on level 1 of the Dungeon)
 f - a +0 club {mace}
   (You took it off a goblin on level 1 of the Dungeon)
 n - a +0 hand axe {axe}
   (You took it off Terence on level 2 of the Dungeon)
 w - a +0 halberd {polearm}
   (You took it off a gnoll on level 3 of the Dungeon)
 E - a +4 flail of protection {mace}
   (You took it off Edmund on level 5 of the Dungeon)
 N - a +3 falchion of freezing (weapon) {long}
   (You took it off a wight on level 8 of the Dungeon)
Missiles
 g - 223 stones {throwing}
 l - 18 poisoned darts {throwing}
 v - 2 throwing nets {=f!fthrowing}
 J - a curare-tipped dart {=fthrowing}
 L - 5 javelins {throwing}
 M - 4 silver javelins {throwing}
Armour
 a - a +0 robe (worn)
 y - a +0 robe
   (You found it on level 3 of the Dungeon)
 B - a +0 robe
   (You found it on level 3 of the Dungeon)
 I - a +0 robe
   (You found it on level 6 of the Dungeon)
 K - a scarf of repulsion (worn)
   (You found it on level 7 of the Dungeon)
 O - a +0 robe
   (You took it off a wight on level 8 of the Dungeon)
 P - a +0 robe
   (You took it off a wight on level 8 of the Dungeon)
 Q - a +0 robe
   (You took it off a wight on level 8 of the Dungeon)
 R - a +0 robe
   (You took it off an orc wizard on level 8 of the Dungeon)
 S - a +0 robe
   (You took it off an orc wizard on level 8 of the Dungeon)
 T - a +0 robe
   (You took it off an orc wizard on level 8 of the Dungeon)
Jewellery
 h - a ring of protection from fire
   (You found it on level 1 of the Dungeon)
 i - a +4 ring of protection (right hand)
   (You found it on level 1 of the Dungeon)
 p - the ring "Pacser" {*Corrode rC+++ rN+++ Str+6 Int-5}
   (You found it on level 2 of the Dungeon)

   [ring of strength]

   Str:       It affects your strength (+6).
   Int:       It affects your intelligence (-5).
   rC:        It renders you almost immune to cold.
   rN:        It renders you almost immune to negative energy.
   *Corrode:  It may corrode you when you take damage.
 s - a ring of flight (left hand)
   (You found it on level 2 of the Dungeon)
 G - a ring of ice
   (You found it on level 6 of the Dungeon)
Wands
 H - a wand of digging (8)
   (You found it on level 6 of the Dungeon)
Scrolls
 b - 3 scrolls of magic mapping {unknown}
 d - 2 scrolls of fog {unknown}
 o - a scroll of enchant armour {unknown}
 t - 2 scrolls of blinking {unknown}
 u - a scroll of noise {unknown}
 z - 3 scrolls of enchant weapon {unknown}
 A - a scroll of vulnerability {unknown}
 D - 3 scrolls of teleportation {@r4}
Potions
 j - 2 potions of resistance
 k - a potion of cancellation
 q - a potion of attraction {!q}
 r - a potion of lignification {!q}
 x - 3 potions of curing {@q1}
 C - 4 potions of flight
 F - a potion of mutation {unknown}

Dungeon Overview and Level Annotations

Branches:
Dungeon (8/15)             Temple (1/1) D:7           Sewer (visited)
 Bailey (1/1)
   Lair: D:8-11

Altars:
Ashenzari
Cheibriados
Dithmenos
Fedhas
Gozag
Hepliaklqana
Kikubaaqudgha
Makhleb
Nemelex Xobeh
Okawaru
Qazlal
Ru
Sif Muna
Uskayaw
Vehumet
Wu Jian
Xom
Yredelemnul

Annotations:
D:4 Dowan

≈≈≈≈######≈≈≈≈≈#
....+ #≈≈≈≈≈#
##### #≈≈≈≈≈#
#≈≈≈≈≈# #≈≈≈≈≈#
###≈≈≈≈≈#
#.≈≈≈≈≈S#
#.≈≈≈≈S.######
#.≈≈≈≈≈..@...#
#.≈≈≈≈≈......###
+..............#
+..........∩..∩#
+..............#
#.≈≈≈≈≈......###
#.≈≈≈≈≈......#
#.≈≈≈≈≈.######
#.≈≈≈≈≈≈#


You could see an electric eel.


Message History

You closely miss the electric eel.
The electric eel shoots out a bolt of lightning at you!
The bolt of electricity misses you. 😨 HP[+1] Read: scroll of fear
Press: ? - help, Q - select action, (/) - cycle Dir - look around, f - activate Look: an electric eel (water, moderately wounded, chance to affect: 98%)
As you read the scroll of fear, it crumbles to dust.
You assume a fearsome visage.
The electric eel looks frightened! x2 😨 HP[+1] 😨 HP[+1] 😨 HP[+1] 😨 HP[+1] 😨 HP[+1]
You start resting.
An electric eel is nearby! 😕 HP[+46]
You regained 46 hp, and now have 90/99 hp. 😕 HP[+1] 😕 HP[+1]
Okay, then.
What are your orders? t - Shout!
Orders for allies: a - Attack new target. r - Retreat! s - Stop attacking. g - Guard the area. f - Follow me.
Anything else - Cancel.
You shout for attention!
What are your orders? t - Shout!
Orders for allies: a - Attack new target. p - Attack previous target. r - Retreat! s - Stop attacking. g - Guard the area. f - Follow me.
Anything else - Cancel.
You shout for attention!
The electric eel shoots out a bolt of lightning at you!
The bolt of electricity hits you! 😕 HP[-12]
You take 12 damage, and now have 80/99 hp.
The electric eel shoots out a bolt of lightning at you!
The bolt of electricity misses you.
The electric eel shoots out a bolt of lightning at you!
The bolt of electricity hits you! 😮 HP[-10]
You take 10 damage, and now have 70/99 hp. 😮 HP[+1]
Your +4 flail of protection {mace} goes still.
Your +3 falchion of freezing {long} glows with a cold blue light!
N - a +3 falchion of freezing (weapon)
{long} 😮 HP[+1]
The electric eel shoots out a bolt of lightning at you!
The bolt of electricity hits you! 😮 HP[-10]
You take 10 damage, and now have 62/99 hp.
The electric eel shoots out a bolt of lightning at you!
The bolt of electricity hits you! 😮 HP[-12]
You take 12 damage, and now have 50/99 hp.
The electric eel shoots out a bolt of lightning at you!
The bolt of electricity hits you!
* * * LOW HITPOINT WARNING * * *
The bolt of electricity hits you!
* * * LOW HITPOINT WARNING * * *
The bolt of electricity hits the electric eel.
The electric eel completely resists. 😨 HP[-19]
You take 19 damage, and now have 31/99 hp.
You hit the electric eel. You freeze the electric eel.
The electric eel shoots out a bolt of lightning at you!
The bolt of electricity hits you!
* * * LOW HITPOINT WARNING * * *
The bolt of electricity hits you!
* * * LOW HITPOINT WARNING * * *
The bolt of electricity hits the electric eel.
The electric eel completely resists.
The electric eel shoots out a bolt of lightning at you!
The bolt of electricity misses you. The bolt of electricity hits you!
* * * LOW HITPOINT WARNING * * *
The bolt of electricity hits the electric eel.
The electric eel completely resists. 😱 HP[-26]
You take 26 damage, and now have 5/99 hp.
MASSIVE DAMAGE!! (PAUSE)
You feel better.
The electric eel shoots out a bolt of lightning at you!
The bolt of electricity misses you. 😱 HP[+7]
You regained 7 hp, and now have 12/99 hp.
The electric eel shoots out a bolt of lightning at you!
The bolt of electricity hits you!
* * * LOW HITPOINT WARNING * * *
The electric eel shoots out a bolt of lightning at you!
The bolt of electricity hits you.
* * * LOW HITPOINT WARNING * * *
😱 HP[-10]
You take 10 damage, and now have 2/99 hp.
The electric eel shoots out a bolt of lightning at you!
The bolt of electricity hits you!
You die...

Skill      XL: |  1  2  3  4  5  6  7  8  9 10 |
---------------+-------------------------------+-----
Fighting       | 1 2 3 4 5 7 8 9 |  9.1
Dodging        | 2 3 4 5 6 |  6.7
Spellcasting   | 3 4 5 6 7 8 |  8.1
Ice Magic      | 4 5 |  5.5
Necromancy     | 2 4 |  4.6
Stealth        | |  1.4

Action                   |  1- 3 |  4- 6 |  7- 9 | 10-12 || total
-------------------------+-------+-------+-------+-------++-------
Melee: Unarmed           |    12 |       |       |       ||    12
       Dagger            |    24 |       |       |       ||    24
       Punch             |     1 |       |     1 |       ||     2
       Hand axe          |       |    15 |       |       ||    15
       Halberd           |       |    39 |   143 |       ||   182
       Flail             |       |       |   136 |    15 ||   151
       Falchion          |       |       |       |     1 ||     1
 Cast: Freeze            |    36 |    27 |     2 |       ||    65
       Frozen Ramparts   |     1 |     9 |    37 |     3 ||    50
       Ozocubu's Armour  |       |       |     7 |       ||     7
  Use: Scroll            |       |     4 |     2 |     1 ||     7
       Potion            |       |       |     1 |     3 ||     4
 Stab: Sleeping          |       |     6 |     2 |       ||     8
Armor: Robe              |    43 |    37 |   181 |     5 ||   266
Dodge: Dodged            |    45 |    49 |   198 |    15 ||   307
       Repelled          |       |       |     1 |     2 ||     3

Levels and vault maps discovered:
D:1:      amcnicky_arrival_gap_in_the_tavern_cellar, layout_loops_ring,
          nicolae_ecumenical_lake_church
D:2:      minmay_wonky_spiral, layout_loops_ring, uniq_terence
D:3:      layout_loops_ring, uniq_natasha
D:4:      layout_layer_cave, kennysheep_generic_room_15, uniq_duvessa
D:5:      layout_basic, cheibrodos_sewer_entry_sluice, uniq_edmund
D:6:      layout_rooms, vehumet_crystals
D:7:      layout_loops_ring, minmay_temple_entry_arrows
D:8:      layout_loops_ring, grunt_lair_entry_orc_guard_hut, enter_bailey_6,
          kennysheep_generic_room_13
Temple:   mainiacjoe_temple_trianglar_array
Bailey:   bailey_axe_of_yendor_kennysheep, bailey

Notes
Turn   | Place    | Note
-------+----------+-------------------------------------------
     0 | D:1      | mcwallace the Ogre Ice Elementalist began the quest for the
                  | Orb.
     0 | D:1      | Reached XP level 1. HP: 16/16 MP: 3/3
     0 | D:1      | magus.rc [v1.9.6]
    68 | D:1      | Found a faded altar of an unknown god.
   103 | D:1      | Reached XP level 2. HP: 22/26 MP: 2/5
   163 | D:1      | Reached skill level 1 in Fighting
   163 | D:1      | Reached skill level 2 in Dodging
   332 | D:1      | You pick up a book of Beasts and begin reading...
   332 | D:1      | You add the spells Summon Ice Beast, Summon Mana Viper and
                  | Monstrous Menagerie to your library.
   501 | D:1      | You pick up a book of Death and begin reading...
   501 | D:1      | You add the spells Animate Dead, Haunt and Infestation to
                  | your library.
  1022 | D:2      | Reached XP level 3. HP: 33/33 MP: 4/7
  1054 | D:2      | Reached skill level 3 in Spellcasting
  1258 | D:2      | Identified the +4 ring mail of Wonderful Brilliance {-Tele
                  | rElec rCorr Dex+3}
  1263 | D:2      | Learned a level 3 spell: Frozen Ramparts
  1343 | D:2      | Noticed Terence
  1349 | D:2      | Killed Terence
  1350 | D:2      | Reached skill level 2 in Fighting
  1350 | D:2      | Reached skill level 4 in Ice Magic
  1350 | D:2      | Reached XP level 4. HP: 41/42 MP: 4/8
  1463 | D:2      | Identified the ring "Pacser" {*Corrode rC+++ rN+++ Str+6
                  | Int-5}
  1475 | D:2      | You pick up a book of Callings and begin reading...
  1475 | D:2      | You add the spells Summon Small Mammal, Call Canine
                  | Familiar and Summon Guardian Golem to your library.
  2235 | D:3      | Noticed an ogre
  2240 | D:3      | Killed an ogre
  2241 | D:3      | Reached XP level 5. HP: 45/52 MP: 2/10
  2326 | D:3      | Reached skill level 3 in Fighting
  2358 | D:3      | Noticed Natasha
  2364 | D:3      | Killed Natasha
  2365 | D:3      | Reached skill level 3 in Dodging
  2887 | D:3      | Reached XP level 6. HP: 59/61 MP: 11/11
  2931 | D:3      | You pick up a book of Party Tricks and begin reading...
  2931 | D:3      | You add the spells Apportation and Alistair's Intoxication
                  | to your library.
  3217 | D:4      | Reached skill level 4 in Spellcasting
  3251 | D:4      | You pick up a book of Changes and begin reading...
  3251 | D:4      | You add the spells Beastly Appendage, Wereblood and Spider
                  | Form to your library.
  3393 | D:4      | Noticed a necrophage
  3419 | D:4      | Killed a necrophage
  3598 | D:4      | Noticed Duvessa
  3598 | D:4      | Noticed Dowan
  3701 | D:4      | Reached skill level 4 in Fighting
  3705 | D:4      | Killed Duvessa
  3706 | D:4      | Reached XP level 7. HP: 50/71 MP: 7/13
  3707 | D:5      | Entered Level 5 of the Dungeon
  3865 | D:5      | Reached skill level 5 in Ice Magic
  3886 | D:5      | You pick up a book of Beasts and begin reading...
  3923 | D:5      | Found a glowing drain.
  3947 | D:5      | Reached skill level 4 in Dodging
  3953 | Sewer    | Entered a sewer
  4244 | Sewer    | Reached skill level 5 in Fighting
  4301 | Sewer    | Reached skill level 5 in Spellcasting
  4802 | D:5      | Reached XP level 8. HP: 44/81 MP: 15/15
  5182 | D:5      | Learned a level 3 spell: Ozocubu's Armour
  5202 | D:5      | Noticed Edmund
  5221 | D:5      | Killed Edmund
  5222 | D:5      | Reached skill level 6 in Fighting
  5484 | D:5      | Reached skill level 1 in Necromancy
  5575 | D:5      | Reached skill level 6 in Spellcasting
  5713 | D:5      | Reached skill level 5 in Dodging
  5764 | D:6      | Reached skill level 2 in Necromancy
  5992 | D:6      | Reached skill level 7 in Fighting
  5992 | D:6      | Reached XP level 9. HP: 73/93 MP: 11/18
  6301 | D:6      | Found a radiant altar of Vehumet.
  6586 | D:7      | Reached skill level 3 in Necromancy
  6737 | D:7      | Reached skill level 7 in Spellcasting
  6812 | D:7      | Reached skill level 8 in Fighting
  6814 | D:7      | HP: 23/96 [poisoned by a kobold brigand (curare-tipped
                  | dart)]
  7180 | D:7      | Found a staircase to the Ecumenical Temple.
  7193 | Temple   | Entered the Ecumenical Temple
  7486 | Temple   | Became a worshipper of Ru the Awakened
  7535 | D:7      | Reached skill level 6 in Dodging
  8114 | D:8      | Reached skill level 4 in Necromancy
  8150 | D:8      | Found a flagged portal.
  8154 | D:8      | HP: 23/94 [wight/+4 dagger (5)]
  8166 | D:8      | HP: 19/87 [wight/+4 dagger (4)]
  8166 | D:8      | HP: 9/83 [wight/+4 dagger (2)]
  8168 | D:8      | Reached XP level 10. HP: 11/93 MP: 8/21
  8171 | D:8      | HP: 22/93 [wight/+0 battleaxe (1)]
  8172 | D:8      | Reached skill level 9 in Fighting
  8177 | D:8      | HP: 18/93 [orc warrior/+0 halberd (4)]
  8178 | D:8      | Reached skill level 8 in Spellcasting
  8225 | Bailey   | Entered a bailey
  8745 | Bailey   | HP: 21/99 [electric eel/bolt of electricity (10)]
  8745 | Bailey   | HP: 5/99 [electric eel/bolt of electricity (9)]
  8747 | Bailey   | HP: 2/99 [electric eel/bolt of electricity (4)]
  8748 | Bailey   | Killed from afar by an electric eel

Vanquished Creatures
  A wraith (D:7)
  Edmund (D:5)
  Duvessa (D:4)
  2 ice beasts (D:5)
  2 orc warriors (D:8)
  A necrophage (D:4)
  2 black bears (D:8)
  4 ogres
  2 centaurs
  A phantom (D:5)
  A kobold brigand (D:7)
  5 bullfrogs
  2 scorpions (D:5)
  2 water moccasin skeletons
  11 killer bees
  4 wights (D:8)
  A centaur skeleton (D:6)
  2 hounds (D:5)
  An orc priest (D:8)
  2 bullfrog skeletons
  3 iguanas
  Natasha (D:3)
  A merfolk siren (Sewer)
  4 orc wizards (D:8)
  Terence (D:2)
  A merfolk avatar (Sewer)
  3 gnolls (D:3)
  A howler monkey skeleton (D:5)
  4 adders
  2 river rats (Sewer)
  An ufetubus (D:4)
  An adder skeleton (D:5)
  3 dart slugs
  10 orcs (D:8)
  8 ball pythons
  6 endoplasms
  A giant cockroach (Sewer)
  8 goblins
  6 hobgoblins
  8 jackals
  5 kobolds
  6 quokkas
  6 bats
  6 frilled lizards
  29 rats
173 creatures vanquished.

Vanquished Creatures (others)
  18 fungi (D:8)
  18 plants (D:8)
36 creatures vanquished.

Grand Total: 209 creatures vanquished

Table legend:
 A = Non-vault XP
 B = Vault XP
 C = Vault XP percentage of total XP
 D = Non-vault monster count
 E = Vault monster count
 F = Vault count percentage of total count
                 A         B        C        D         E       F
            +---------+---------+-------+---------+---------+-------
      Total |    3915 |    1098 |  21.9 |     119 |      54 |  31.2
            +---------+---------+-------+---------+---------+-------
        D:1 |      30 |       0 |   0.0 |      17 |       0 |   0.0
        D:2 |      33 |      36 |  52.2 |      11 |       3 |  21.4
        D:3 |     187 |      35 |  15.8 |      19 |       1 |   5.0
        D:4 |     186 |     142 |  43.3 |      10 |       1 |   9.1
        D:5 |    1028 |     178 |  14.8 |      14 |       4 |  22.2
        D:6 |     806 |       0 |   0.0 |      14 |       0 |   0.0
        D:7 |     952 |       0 |   0.0 |      13 |       0 |   0.0
        D:8 |     693 |     565 |  44.9 |      21 |       5 |  19.2
      Sewer |       0 |     142 | 100.0 |       0 |      40 | 100.0
            +---------+---------+-------+---------+---------+-------

Illustrated notes

Table legend:
 A = Kills in this place as a percentage of kills in entire the game.
 B = Kills by you in this place as a percentage of kills by you in the entire game.
 C = Kills by friends in this place as a percentage of kills by friends in the entire game.
 D = Other kills in this place as a percentage of other kills in the entire game.
 E = Experience gained in this place as a percentage of experience gained in the entire game.
 F = Experience gained in this place divided by the number of levels of this place that you have seen.
                   A       B       C       D       E      F
               +-------+-------+-------+-------+-------+----------------------
         Total | 100.0 | 100.0 |   N/A |   N/A | 100.0 | 455.7
       Dungeon |  76.9 |  76.9 |   N/A |   N/A |  97.2 | 608.9
         Sewer |  23.1 |  23.1 |   N/A |   N/A |   2.8 | 142.0
               +-------+-------+-------+-------+-------+----------------------

Table legend: (Time is in decaauts)
 A = Elapsed time spent in this place.
 B = Non-inter-level travel time spent in this place.
 C = Inter-level travel time spent in this place.
 D = Time resting spent in this place.
 E = Time spent auto-exploring this place.
 F = Levels seen in this place.
 G = Mean time per level.
                   A        B        C        D        E       F      G
               +--------+--------+--------+--------+--------+-----+--------+
         Total |   8981 |   8631 |    350 |    939 |   5934 |  11 |  816.5 |
       Dungeon |   7362 |   7040 |    322 |    336 |   5352 |   8 |  920.2 |
        Temple |    316 |    288 |     28 |      0 |    275 |   1 |  316.0 |
         Sewer |    778 |    778 |      0 |    166 |    306 |   1 |  778.0 |
        Bailey |    523 |    523 |      0 |    437 |      0 |   1 |  523.0 |
               +--------+--------+--------+--------+--------+-----+--------+

Top non-repeatable levels by time:
     D:5: 1376 daAuts
     D:7: 1221 daAuts
     D:2: 1218 daAuts
     D:1: 1015 daAuts
     D:3: 949 daAuts
     D:6: 864 daAuts
   Sewer: 778 daAuts
     D:4: 545 daAuts
  Bailey: 523 daAuts
  Temple: 316 daAuts
     D:8: 171 daAuts
